Map: Thunderbird LE

Players

Ragnarok (SHIN)

  • Race: Zerg Zerg
  • Spawn Location: 5:00

ShoWTimE - Winner!

  • Race: Protoss Protoss
  • League: Grandmaster
  • Spawn Location: 11:00

Event: 2019 Assembly Summer

VOD

Have the link to the VOD?

Description

Time

  • Played on: Aug. 2, 2019, 5:38 a.m.
  • Length: 11:45

All games in this series

Show
View Real Time Build Order
Export as new Build Order

Ragnarok Zerg 

Build Orders: Hatch First, Muta Ling Bane 

Get SALT Encoding   

  12  0:01  Drone  
  13  0:08  Drone  
  14  0:16  Overlord  
  14  0:22  Extractor  
  14  0:23  Drone  
  15  0:36  Drone x2  
  17  0:51  Hatchery  
  17  0:54  Drone  
  17  0:57  Drone  
  18  1:08  Extractor  
  17  1:12  Spawning Pool  
  17  1:15  Drone  
  17  1:18  Drone  
  18  1:27  Drone  
  19  1:38  Drone  
  20  1:50  Overlord  
  20  1:59  Queen  
  22  2:05  Zergling x2, Queen  
  22  2:06  Zergling x2  
  26  2:14  Metabolic Boost  
  27  2:15  Drone x2  
  28  2:23  Drone  
  28  2:24  Drone  
  30  2:33  Hatchery  
  30  2:36  Drone  
  30  2:41  Drone  
  31  2:46  Queen  
  31  2:50  Overlord  
  33  2:54  Drone  
  33  2:55  Drone  
  35  3:07  Overlord  
  35  3:09  Drone x2  
  37  3:13  Drone x3  
  37  3:19  Drone x2  
  42  3:21  Queen  
  44  3:29  Overlord  
  44  3:30  Drone  
  45  3:38  Spore Crawler  
  45  3:40  Spore Crawler, Drone  
  44  3:45  Queen  
  44  3:46  Drone x2  
  48  3:52  Zergling x4  
  50  4:01  Drone x6, Overlord  
  56  4:05  Spore Crawler  
  56  4:07  Drone  
  56  4:09  Zergling x2  
  57  4:12  Lair  
  57  4:13  Drone  
  58  4:18  Overlord  
  58  4:21  Zergling x2  
  58  4:26  Overlord  
  58  4:30  Drone x5, Zergling x2  
  64  4:34  Extractor x2  
  64  4:37  Roach Warren  
  61  4:39  Drone x3  
  61  4:43  Zergling x4  
  61  4:44  Zergling x2  
  66  4:49  Zergling x2  
  67  4:53  Zergling x4  
  67  4:54  Zergling x4  
  67  4:55  Overlord  
  67  4:58  Overlord  
  71  5:05  Drone x4  
  71  5:06  Drone x3  
  79  5:07  Drone  
  79  5:13  Spore Crawler  
  78  5:15  Spore Crawler  
  75  5:22  Spire, Zergling x8  
  75  5:27  Drone x2  
  74  5:30  Drone x2  
  74  5:32  Drone  
  74  5:34  Drone  
  76  5:36  Drone  
  76  5:38  Drone  
  76  5:39  Drone  
  76  5:41  Drone x2  
  81  5:43  Drone  
  81  5:45  Extractor  
  81  5:47  Drone  
  82  5:52  Overlord  
  82  5:53  Drone x3  
  82  5:56  Drone x2, Extractor  
  86  5:59  Extractor  
  86  6:00  Drone x3  
  88  6:09  Drone x2  
  88  6:10  Drone x2  
  92  6:17  Roach x2  
  92  6:18  Roach x2  
  100  6:20  Roach  
  100  6:22  Roach x2, Overlord  
  100  6:24  Glial Reconstitution  
  105  6:26  Overlord  
  105  6:29  Overlord  
  105  6:32  Overlord  
  105  6:36  Overlord  
  105  6:37  Spine Crawler  
  105  6:38  Roach  
  105  6:41  Ravager x4  
  105  6:42  Ravager  
  105  6:43  Zergling x4  
  105  6:46  Roach, Zergling x2  
  115  6:48  Zergling x4  
  115  6:52  Drone  
  115  6:53  Drone  
  119  6:55  Baneling Nest  
  119  6:56  Evolution Chamber  
  116  7:04  Drone x2  
  118  7:10  Hatchery  
  118  7:13  Mutalisk x4  
  118  7:14  Mutalisk  
  127  7:22  Zerg Melee Weapons Level 1  
  127  7:24  Drone  
  127  7:25  Infestation Pit  
  127  7:32  Overlord  
  127  7:33  Roach, Zergling x2  
  127  7:34  Zergling x14  
  137  7:43  Centrifical Hooks  
  137  7:45  Zergling x12  
  142  7:56  Overlord  
  142  7:57  Drone x9  
  151  8:02  Hive  
  150  8:05  Zergling x4  
  150  8:06  Zergling x2  
  152  8:13  Overlord  
  152  8:15  Roach, Zergling x2  
  152  8:18  Zergling x6  
  158  8:21  Ravager x2  
  158  8:22  Ravager x3  
  157  8:28  Drone  
  157  8:29  Roach x5  
  157  8:31  Spore Crawler  
  157  8:32  Roach, Zergling x4  
  168  8:36  Drone x2  
  168  8:40  Roach, Zergling x2  
  173  8:44  Zergling x4  
  173  8:45  Zergling x2  
  171  8:50  Baneling x15  
  171  8:51  Baneling x12  
  171  8:52  Zergling x8  
  173  8:56  Drone  
  173  8:57  Drone x2  
  173  8:58  Overlord  
  173  8:59  Overlord  
  176  9:03  Overlord  
  176  9:05  Overlord  
  176  9:08  Baneling x6  
  176  9:17  Overlord  
  176  9:20  Overlord  
  176  9:22  Drone x9  
  174  9:25  Zergling x2  
  174  9:26  Zergling x6  
  174  9:30  Greater Spire  
  162  9:36  Queen  
  160  9:44  Corruptor  
  160  9:45  Corruptor x2  
  164  9:47  Corruptor  
  164  9:51  Corruptor  
  164  9:52  Drone  
  167  9:54  Extractor  
  167  9:55  Corruptor  
  167  9:56  Zergling x2, Extractor  
  168  10:01  Zergling x12  
  168  10:02  Drone  
  168  10:03  Drone  
  168  10:06  Drone x3  
  176  10:18  Drone  
  176  10:19  Drone x3  
  176  10:20  Corruptor x2, Zergling x4  
  176  10:21  Zergling x2  
  183  10:25  Zergling x6  
  183  10:26  Zergling x4  
  186  10:31  Zergling x4  
  186  10:34  Baneling x4  
  188  10:38  Zergling x8  
  190  10:43  Brood Lord x2  
  190  10:44  Brood Lord  
  190  10:47  Zergling x2  
  190  10:48  Zergling x2  
  192  10:50  Zergling x4  
  192  10:52  Zergling x2, Brood Lord  
  192  10:53  Zergling x2  
  174  10:57  Roach  
  174  10:58  Zergling x2  
  174  10:59  Roach x2  
  144  11:08  Roach  
  144  11:09  Roach  
  144  11:10  Roach x2  
  137  11:15  Corruptor  
  136  11:20  Zergling x2  
  136  11:21  Zergling x6  
Show
View Real Time Build Order
Export as new Build Order

ShoWTimE Protoss - Winner!

Build Orders: 1 Gate Expand, Oracle Opening, Phoenix Opening, Archon Immortal 

Get SALT Encoding   

  12  0:00  Probe  
  13  0:12  Probe  
  14  0:18  Pylon  
  14  0:24  Probe  
  15  0:32  Probe  
  15  0:41  Probe  
  16  0:43  Gateway  
  16  0:46  Assimilator  
  17  0:51  Probe  
  18  1:03  Probe  
  19  1:15  Probe  
  20  1:26  Nexus  
  20  1:28  Probe  
  21  1:37  Cybernetics Core  
  21  1:40  Probe  
  21  1:46  Assimilator  
  22  1:53  Pylon  
  22  1:56  Probe  
  23  2:04  Adept  
  23  2:11  Probe  
  26  2:16  Stargate  
  26  2:23  Probe  
  26  2:24  Warp Gate  
  27  2:33  Probe x2, Adept  
  30  2:41  Probe  
  30  2:42  Probe  
  31  2:50  Probe  
  33  2:52  Probe  
  33  2:55  Phoenix  
  35  3:02  Probe  
  35  3:04  Probe  
  39  3:08  Pylon  
  39  3:14  Probe, Oracle  
  39  3:16  Probe  
  41  3:24  Gateway  
  41  3:26  Probe  
  45  3:28  Probe  
  45  3:33  Gateway  
  46  3:38  Probe  
  46  3:40  Pylon  
  47  3:41  Probe  
  47  3:42  Oracle  
  47  3:44  Adept  
  50  3:51  Probe  
  54  3:57  Assimilator  
  54  3:58  Probe  
  54  3:59  Assimilator  
  55  4:03  Probe  
  55  4:06  Pylon  
  55  4:09  Oracle  
  56  4:10  Probe  
  56  4:15  Probe  
  58  4:20  Pylon  
  58  4:22  Probe  
  62  4:27  Probe  
  62  4:29  Adept x3  
  69  4:32  Pylon  
  69  4:38  Robotics Facility  
  69  4:49  Adept  
  69  4:50  Zealot, Adept  
  77  4:56  Pylon  
  75  5:03  Nexus  
  75  5:05  Probe  
  76  5:07  Pylon  
  76  5:08  Probe  
  76  5:10  Sentry  
  79  5:16  Sentry  
  79  5:17  Sentry  
  79  5:18  Probe  
  79  5:20  Probe  
  85  5:28  Immortal  
  85  5:33  Probe x2  
  87  5:40  Forge, Twilight Council  
  91  5:42  Sentry  
  91  5:45  Probe x2, Pylon  
  91  5:49  Sentry  
  97  5:57  Probe x2  
  97  5:58  Pylon  
  97  6:01  Observer  
  99  6:04  Pylon  
  99  6:09  Probe  
  99  6:10  Probe  
  100  6:16  Probe, Assimilator, Charge  
  101  6:19  Warp Prism  
  101  6:20  Assimilator  
  101  6:22  Probe x2, Phoenix  
  105  6:28  Protoss Ground Weapons Level 1, Probe  
  108  6:34  Probe x2  
  108  6:35  Photon Cannon  
  108  6:39  Photon Cannon  
  110  6:40  Probe, Phoenix  
  110  6:43  Photon Cannon  
  110  6:46  Probe x2  
  113  6:52  Probe  
  116  6:55  Gateway  
  116  6:57  Gateway  
  116  6:58  Probe  
  116  7:01  Phoenix  
  117  7:06  Gateway x2  
  117  7:08  Immortal  
  117  7:09  Gateway  
  117  7:15  Shield Battery  
  119  7:17  Shield Battery  
  119  7:20  Pylon  
  123  7:29  Templar Archives  
  123  7:36  Immortal  
  127  7:51  Pylon  
  127  7:54  Psionic Storm  
  127  7:55  Gateway  
  127  7:56  Nexus  
  127  7:58  Gateway  
  127  7:59  Pylon  
  127  8:06  High Templar x4  
  127  8:10  Phoenix  
  135  8:25  Protoss Ground Weapons Level 2  
  135  8:32  High Templar x2  
  139  8:40  Gateway  
  139  8:41  Gateway  
  139  8:43  Pylon  
  139  8:45  Pylon  
  139  8:57  High Templar x2  
  143  9:03  Archon  
  143  9:07  Immortal  
  143  9:08  Zealot x8  
  159  9:11  Probe x2  
  159  9:12  Probe  
  166  9:21  Blink  
  162  9:31  Zealot x3  
  162  9:33  Zealot  
  162  9:36  Nexus, High Templar x2  
  162  9:37  Shield Battery  
  162  9:39  Shield Battery  
  162  9:42  Photon Cannon  
  162  9:44  High Templar, Archon, Pylon  
  164  9:49  Assimilator  
  164  9:51  High Templar  
  166  9:55  Pylon  
  166  9:57  Archon  
  166  9:58  Assimilator  
  166  10:04  High Templar x2  
  170  10:08  Archon  
  170  10:11  Pylon  
  170  10:12  Pylon  
  170  10:19  Stalker x5  
  170  10:20  Warp Prism  
  180  10:24  Stalker  
  176  10:28  Stalker x2  
  176  10:29  Zealot x2  
  174  10:58  Archon  
  174  10:59  Stalker x9  
  174  11:00  Stalker  
  156  11:11  Stalker x2  
  152  11:22  Stalker x9  
  152  11:24  Zealot  
  168  11:36  Zealot x2  
Tags
 
Add a new tag
Caveats
  • Supply blocks, unpowered buildings, or Contaminate may cause inaccurate times.
  • Supply counts are checked every 10 seconds.